 Dungeon Crawl Stone Soup version 0.18.1-48-g4cf74bf (webtiles) character file.

44 tagomago the Charmwright (level 3, 0/24 HPs)
             Began as a High Elf Skald on July 25, 2016.
             Slain by a goblin
             ... wielding a +0 club
             ... led by Robin
              (2 damage)
             ... on level 1 of the Dungeon.
             The game lasted 00:03:06 (1381 turns).

tagomago the Charmwright (High Elf Skald)           Turns: 1381, Time: 00:03:06

Health: 0/24       AC:  3    Str: 11    XL:     3   Next: 41%
Magic:  5/7        EV: 11    Int: 17    God:
Gold:   31         SH:  0    Dex: 14    Spells: 3 memorised, 2 levels left

rFire  . . .     SeeInvis .     a - +0 falchion
rCold  . . .     Gourm    .     b - +0 leather armour
rNeg   . . .     Faith    .     (no shield)
rPois  .         Spirit   .     (no helmet)
rElec  .         Dismiss  .     (no cloak)
rCorr  .         Reflect  .     (no gloves)
SustAt .         Harm     .     (no boots)
MR     .....                    (no amulet)
Stlth  ++........               (no ring)
                                (no ring)

@: singing (expiring), not resistant to hostile enchantments, unstealthy
A: no striking features
a: Stop Singing


You were on level 1 of the Dungeon.
You were not hungry.

You visited 1 branch of the dungeon, and saw 2 of its levels.

You collected 31 gold pieces.

Inventory:

Hand Weapons
 a - a +0 falchion (weapon)
Armour
 b - a +0 leather armour (worn)
Jewellery
 i - an uncursed ring of see invisible {unknown}
Scrolls
 n - a scroll of magic mapping {unknown}
Potions
 f - a potion of brilliance {unknown}
 k - a potion of mutation {unknown}
Books
 c - a book of Battle

   Spells                             Type                      Level
   a - Infusion                       Charms                       1
   b - Shroud of Golubria             Charms/Translocation         2
   c - Song of Slaying                Charms                       2
   d - Spectral Weapon                Hexes/Charms                 3
   e - Regeneration                   Charms/Necromancy            3
Comestibles
 g - a beef jerky
 j - a royal jelly
 m - a meat ration


   Skills:
 - Level 2.0 Fighting
 * Level 3.4 Long Blades
 - Level 0.8 Armour
 - Level 1.1 Dodging
 * Level 1.2 Stealth
 + Level 2.6 Spellcasting
 + Level 4.4 Charms


You had 2 spell levels left.
You knew the following spells:

 Your Spells              Type           Power        Failure   Level  Hunger
a - Infusion              Chrm           ###.         4%          1    #......
b - Song of Slaying       Chrm           ###.....     8%          2    ##.....
c - Shroud of Golubria    Chrm/Tloc      #.........   17%         2    ##.....


Dungeon Overview and Level Annotations

Branches:
Dungeon (2/15)

Altars:

Annotations:
D:2 Robin, Sigmund


Message History

You slash the adder!
You kill the adder!
Your Stealth skill increases to level 1!
Your song is almost over.
The goblin hits you but does no damage.
You closely miss the goblin. The goblin hits you with a club.
* * * LOW HITPOINT WARNING * * *
The goblin hits you with a dagger.
* * * LOW HITPOINT WARNING * * *
The goblin hits you but does no damage. The goblin barely misses you.
Unknown command.
You hit the goblin.
The goblin is severely wounded.
The goblin hits you but does no damage. The goblin closely misses you.
Unknown command.
You slash the goblin!
You kill the goblin!
The goblin hits you but does no damage.
You closely miss the goblin. The goblin hits you with a club.
You die...

#.......# #.#####.#### ###.#
#....# ....# ####.# #####
#.# ..# #.# ..# #.#
############.#####
.............[.g@#
......####...###)###########
#####........#.......).....#
....######...#.#.#########.#
.........#####..........##.#
##...........###..#####.##.#
##'###'##......##.# #.##>#
#...#...##'#....#.# #.#..#
#...#...#..###..#.#####)#.##


You could see a goblin.

Vanquished Creatures
  An adder (D:1)
  A giant gecko (D:1)
  5 bats (D:1)
  7 jackals (D:1)
  A giant newt (D:1)
  8 goblins (D:1)
  6 kobolds (D:1)
  3 rats (D:1)
32 creatures vanquished.

Notes
Turn   | Place    | Note
--------------------------------------------------------------
     0 | D:1      | tagomago the High Elf Skald began the quest for the Orb.
     0 | D:1      | Reached XP level 1. HP: 14/14 MP: 4/4
   288 | D:1      | Reached XP level 2. HP: 18/19 MP: 6/6
   302 | D:1      | Learned a level 2 spell: Song of Slaying
   305 | D:1      | Learned a level 2 spell: Shroud of Golubria
   444 | D:1      | Reached skill level 4 in Charms
  1201 | D:1      | Reached XP level 3. HP: 24/24 MP: 7/7
  1282 | D:2      | Noticed Sigmund
  1282 | D:2      | Noticed Robin
  1377 | D:1      | Reached skill level 1 in Stealth
  1381 | D:1      | Slain by a goblin

Skill      XL: |  1  2  3 |
---------------+----------+-----
Long Blades    | 3 |  3.4
Charms         | 4 |  4.4
Stealth        | 1 |  1.2
Fighting       | |  2.0
Armour         | |  0.8
Dodging        | |  1.1
Spellcasting   | |  2.6

Action                   || total
-------------------------++-------
Melee: Falchion          ||   107
 Cast: Infusion          ||     5
       Shroud of Golubri ||     2
       Song of Slaying   ||     1
  Use: Scroll            ||     2
       Potion            ||     2
 Stab: Sleeping          ||     1
  Eat: Chunk             ||     1
       Bread ration      ||     1
Armor: Leather armour    ||    47
Dodge: Dodged            ||   100
